Map: Lost and Found LE

Players

Ziggy - Winner!

  • Race: Terran Terran
  • Spawn Location: 1:00

Nistic

  • Race: Zerg Zerg
  • Spawn Location: 7:00

Event: WCS Austin 2018

VOD

Have the link to the VOD?

Description

Time

  • Played on: June 1, 2018, 2:19 p.m.
  • Length: 5:01

All games in this series

Show
View Real Time Build Order
Export as new Build Order

Ziggy Terran - Winner!

Build Orders:  

Get SALT Encoding   

  12  0:00  SCV  
  13  0:12  SCV  
  14  0:18  Supply Depot  
  14  0:24  SCV  
  15  0:39  SCV  
  15  0:42  Barracks  
  16  0:46  Refinery  
  16  0:51  SCV  
  17  0:58  Barracks  
  17  1:03  SCV  
  18  1:15  SCV  
  19  1:29  Orbital Command, Reaper  
  20  1:35  Barracks  
  20  1:42  Refinery  
  20  1:46  Reaper  
  21  1:52  Supply Depot  
  21  1:56  SCV  
  22  2:05  Reaper  
  23  2:13  SCV  
  24  2:18  Reaper  
  25  2:25  SCV  
  25  2:26  Reaper  
  27  2:37  Reaper  
  27  2:38  SCV  
  27  2:44  Command Center  
  29  2:50  Reaper  
  30  2:55  Supply Depot  
  30  2:57  SCV  
  31  3:16  Reaper x2, SCV  
  34  3:22  Reaper  
  35  3:34  SCV  
  34  3:42  Barracks  
  34  3:46  SCV  
  35  3:48  Reaper x2  
  35  3:49  Barracks  
  35  3:54  Reaper  
  38  3:58  SCV  
  39  4:05  Orbital Command  
  39  4:10  SCV  
  39  4:13  Refinery  
  40  4:21  Reaper x2  
  41  4:25  SCV  
  41  4:27  Reaper  
  42  4:37  SCV  
  44  4:40  SCV  
Show
View Real Time Build Order
Export as new Build Order

Nistic Zerg 

Build Orders: Hatch First 

Get SALT Encoding   

  12  0:01  Drone  
  13  0:08  Drone  
  14  0:18  Overlord  
  14  0:22  Extractor  
  14  0:23  Drone  
  15  0:36  Drone x2  
  17  0:52  Hatchery  
  17  0:56  Extractor  
  15  0:57  Drone  
  16  1:11  Spawning Pool  
  16  1:14  Drone  
  16  1:18  Drone  
  17  1:24  Drone  
  18  1:27  Drone  
  19  1:40  Overlord  
  19  1:51  Drone  
  20  1:58  Queen  
  20  1:59  Metabolic Boost  
  22  2:02  Zergling x2  
  22  2:05  Zergling x2  
  24  2:09  Queen  
  26  2:16  Zergling x4  
  28  2:26  Overlord  
  28  2:28  Drone  
  29  2:36  Drone x2  
  30  2:40  Queen  
  32  2:47  Zergling x4  
  34  3:03  Lair  
  34  3:05  Drone  
  35  3:12  Zergling x4  
  35  3:29  Zergling x2  
  35  3:40  Zergling x2  
  35  3:41  Zergling x6  
  39  3:47  Drone x3  
  39  3:48  Drone  
  43  3:54  Drone  
  44  3:55  Extractor  
  44  3:56  Zergling x2  
  44  3:57  Overlord x2  
  44  4:15  Overlord x2  
  44  4:16  Hydralisk Den  
  43  4:22  Zergling x6  
  42  4:33  Zergling x4  
  41  4:43  Zergling x2  
  38  4:51  Evolution Chamber  
Tags
 
Add a new tag
Caveats
  • Supply blocks, unpowered buildings, or Contaminate may cause inaccurate times.
  • Supply counts are checked every 10 seconds.